 Dungeon Crawl Stone Soup version 0.26-a0-670-g578ab304f5 (webtiles) character file.

Game seed: 14108605673339813364

1209 DogServant the Ruffian (level 8, -5/69 HPs)
             Began as a Naga Transmuter on Oct 19, 2020.
             Slain by a wight
             ... wielding a +4 halberd of freezing
              (8 damage)
             ... on level 6 of the Dungeon.
             The game lasted 00:10:30 (6663 turns).

DogServant the Ruffian (Naga Transmuter)            Turns: 6663, Time: 00:10:31

Health: -5/69      AC:  3    Str: 16    XL:     8   Next: 45%
Magic:  11/11      EV: 13    Int: 13    God:
Gold:   259        SH:  0    Dex: 11    Spells: 1/11 levels left

rFire    + . .     SeeInvis +     - Unarmed
rCold    . . .     Faith    .   (no shield)
rNeg     . . .     Spirit   .   a - +0 robe
rPois    +         Reflect  .   (helmet currently unavailable)
rElec    .         Harm     .   (no cloak)
rCorr    .         Rampage  .   (no gloves)
MR       +....                  (no barding)
Stlth    +.........             (no amulet)
HPRegen  0.21/turn              f - +4 ring of evasion
MPRegen  0.12/turn              u - ring of protection from fire

@: brilliant, appendages (expiring), stab, very slightly contaminated, hasted,
heavily drained, invisible, quick
A: large, horns 2, see invisible, deformed body, poison resistance, slowness 2,
spit poison 1, AC +2
a: Spit Poison, End Transformation


You were on level 6 of the Dungeon.
You had grown temporary horns.
You visited 2 branches of the dungeon, and saw 7 of its levels.

You collected 259 gold pieces.

Inventory:

Armour
 a - a +0 robe (worn)
Jewellery
 f - a +4 ring of evasion (left hand)
 u - a ring of protection from fire (right hand)
Wands
 c - a wand of flame (17)
 n - a wand of paralysis (8)
 r - a wand of iceblast (10)
Scrolls
 b - 3 scrolls of noise
 d - a scroll of magic mapping
 i - a scroll of blinking {unknown}
 m - 5 scrolls of remove curse
 o - 4 scrolls of identify
 s - a scroll of fear {unknown}
 t - a scroll of amnesia {unknown}
 v - a scroll of immolation {unknown}
 y - a scroll of enchant armour {unknown}
Potions
 e - 2 potions of curing
 g - a potion of mutation
 h - 3 potions of degeneration
 j - 2 potions of resistance
 l - a potion of invisibility
 q - a potion of haste
 w - a potion of stabbing
 x - a potion of berserk rage {unknown}


   Skills:
 - Level 3.0(1.8) Fighting
 - Level 1.6(0.5) Dodging
 + Level 7.8(6.4) Unarmed Combat
 - Level 2.0(0.9) Spellcasting
 + Level 6.1(4.8) Transmutations
 - Level 2.0(0.8) Poison Magic


You had one spell level left.
You knew the following spells:

 Your Spells              Type           Power        Failure   Level
a - Beastly Appendage     Tmut           ###...       4%          1
b - Wereblood             Tmut           ###.....     6%          2
c - Spider Form           Tmut/Pois      ##........   26%         3
d - Ice Form              Ice/Tmut       ##......     71%         4

Your spell library contained the following spells:

 Spells                   Type           Power        Failure   Level
 Blade Hands              Tmut           ###.......   73%         5


Dungeon Overview and Level Annotations

Branches:
Dungeon (6/15)             Temple (1/1) D:5

Altars:
Dithmenos
Gozag
Hepliaklqana
Nemelex Xobeh
Okawaru
Ru
Sif Muna
Trog
Uskayaw
Vehumet
Yredelemnul
Zin

Shops:
D:4 *(   D:5 (


Innate Abilities, Weirdness & Mutations

You cannot wear boots.
Your serpentine skin is tough. (AC +2)
You have supernaturally acute eyesight. (SInv)
Armour fits poorly on your strangely shaped body.
Your system is resistant to poisons. (rPois)
You cover ground very slowly.
You can spit poison.
You have a pair of horns on your head.


Message History

The wight freezes you.
The wight hits you with a +2 flail of freezing.
The wight freezes you.
* * * LOW HITPOINT WARNING * * *
It was a potion of invisibility.
You fade into invisibility!
Your transformation is almost over.
The wight closely misses you.
The wight hits you with a +2 flail of freezing!
* * * LOW HITPOINT WARNING * * *
You feel drained.
* * * LOW HITPOINT WARNING * * *
The wight freezes you.
* * * LOW HITPOINT WARNING * * *
You are very lightly contaminated with residual magic.
It was a potion of haste.
You feel yourself speed up. The wight misses you. The wight barely misses you.
It was a potion of stabbing.
You feel ready to backstab.
The wight hits you from afar with a +4 halberd of freezing!
You die...

########
##.#....$.#
........#.#
#.#@###...
#zz.....# .
###.###.#
##. #.# #.z
... #.#
.##.
####z## ##
. .# #. ...
.# ..... .
#.
#.##.##...
..


You could see 2 wights.

Vanquished Creatures
  Sigmund (D:2)
  An ogre (D:5)
  A big kobold (D:5)
  A bullfrog (D:6)
  5 killer bees (D:5)
  A quasit (D:4)
  2 bullfrog skeletons
  5 orc priests
  5 orc wizards
  Jessica (D:2)
  A howler monkey skeleton (D:4)
  Robin (D:2)
  A howler monkey zombie (D:3)
  4 gnolls (D:4)
  6 adders
  A white imp (D:5)
  3 oozes
  2 adder skeletons (D:4)
  A worm (D:4)
  A leopard gecko (D:5)
  7 orcs
  3 giant cockroaches
  10 goblins
  6 hobgoblins
  9 kobolds
  2 quokkas
  2 ball pythons
  8 bats
  4 frilled lizards
  A quokka skeleton (D:4)
  6 rats
102 creatures vanquished.

Notes
Turn   | Place    | Note
-------+----------+-------------------------------------------
     0 | D:1      | DogServant the Naga Transmuter began the quest for the Orb.
     0 | D:1      | Reached XP level 1. HP: 18/18 MP: 3/3
   206 | D:1      | Reached XP level 2. HP: 25/25 MP: 5/5
   728 | D:1      | You fall into a shaft and drop 1 floor!
  1035 | D:2      | Found a hide-covered altar of Uskayaw.
  1409 | D:2      | Reached XP level 3. HP: 31/31 MP: 4/6
  1452 | D:2      | Noticed Robin
  1694 | D:2      | Killed Robin
  1720 | D:2      | HP: 1/32 [goblin[Robin] (3)]
  2219 | D:2      | Noticed Jessica
  2223 | D:2      | Killed Jessica
  2223 | D:2      | Reached XP level 4. HP: 39/39 MP: 5/7
  2252 | D:2      | Reached skill level 4 in Unarmed Combat
  2343 | D:2      | Noticed Sigmund
  2350 | D:2      | Killed Sigmund
  2350 | D:2      | Reached skill level 5 in Unarmed Combat
  2350 | D:2      | Reached XP level 5. HP: 43/45 MP: 6/8
  2350 | D:2      | Reached XP level 6. HP: 50/52 MP: 6/9
  2354 | D:2      | Learned a level 2 spell: Wereblood
  2358 | D:2      | Learned a level 3 spell: Spider Form
  2639 | D:3      | Reached skill level 1 in Poison Magic
  3148 | D:3      | Reached skill level 6 in Unarmed Combat
  3732 | D:4      | Found Pewerr's Practical Paraphernalia.
  3918 | D:4      | Reached XP level 7. HP: 43/60 MP: 10/10
  4222 | D:4      | Found a sacrificial altar of Ru.
  4686 | D:4      | Found Vacwuadgh's Antique Weapon Emporium.
  4716 | D:5      | Entered Level 5 of the Dungeon
  5065 | D:5      | Found Ypiuloot's Antique Weapon Emporium.
  5167 | D:5      | Found a staircase to the Ecumenical Temple.
  5176 | Temple   | Entered the Ecumenical Temple
  5802 | D:5      | Reached skill level 5 in Transmutations
  5818 | D:5      | Reached skill level 7 in Unarmed Combat
  5923 | D:5      | Learned a level 4 spell: Ice Form
  5938 | D:5      | Reached XP level 8. HP: 32/69 MP: 7/11
  6661 | D:6      | HP: 3/69 [wight/+2 flail of freezing (1)]
  6663 | D:6      | Slain by a wight

Illustrated notes

Levels and vault maps discovered:
D:1:      minmay_arrival_nine_rooms, layout_basic
D:2:      layout_basic, eat_drink_and_be_merry_uskayaw, uniq_sigmund,
          uniq_robin, uniq_jessica
D:3:      layout_loops_ring, kennysheep_generic_room_6
D:4:      layout_basic, old_standard_altar, serial_shops, kennysheep_mini,
          nicolae_alphabet_shops
D:5:      layout_loops_ring, minmay_temple_entry_large_hall, serial_shops,
          shop_fountains, kennysheep_generic_room_3
D:6:      layout_loops_cross, kennysheep_mini_moat, kennysheep_nondescript,
          water_boxes_lemuel
Temple:   eino_wide_crystal_templ

Skill      XL: |  1  2  3  4  5  6  7  8 |
---------------+-------------------------+-----
Fighting       | 2 3 |  3.0
Transmutations | 3 5 6 |  6.1
Unarmed Combat | 5 6 7 |  7.8
Poison Magic   | 2 |  2.0
Dodging        | |  1.6
Spellcasting   | |  2.0

Action                   |  1- 3 |  4- 6 |  7- 9 || total
-------------------------+-------+-------+-------++-------
Melee: Unarmed           |   117 |   110 |   140 ||   367
       Headbutt          |    10 |    13 |     6 ||    29
       Punch             |     2 |     3 |     2 ||     7
 Cast: Beastly Appendage |    15 |    22 |     9 ||    46
       Spider Form       |       |     1 |     7 ||     8
       Wereblood         |       |     1 |     3 ||     4
       Ice Form          |       |       |     1 ||     1
 Abil: Spit Poison       |     9 |    10 |     5 ||    24
  Use: Scroll            |     6 |     5 |     1 ||    12
       Potion            |       |     1 |     7 ||     8
 Stab: Sleeping          |     1 |     1 |       ||     2
Armor: Robe              |    25 |    20 |     7 ||    52
       Skin              |       |       |     6 ||     6
Dodge: Dodged            |    85 |   117 |    97 ||   299

Table legend: (Time is in decaauts)
 A = Elapsed time spent in this place.
 B = Non-inter-level travel time spent in this place.
 C = Inter-level travel time spent in this place.
 D = Time resting spent in this place.
 E = Time spent auto-exploring this place.
 F = Levels seen in this place.
 G = Mean time per level.
                   A        B        C        D        E       F      G
               +--------+--------+--------+--------+--------+-----+--------+
         Total |   7687 |   7380 |    307 |   1256 |   5297 |   7 | 1098.1 |
       Dungeon |   7421 |   7132 |    289 |   1062 |   5244 |   6 | 1236.8 |
        Temple |    265 |    248 |     17 |    194 |     53 |   1 |  265.0 |
               +--------+--------+--------+--------+--------+-----+--------+

Top non-repeatable levels by time:
     D:2: 2085 daAuts
     D:5: 1583 daAuts
     D:3: 1331 daAuts
     D:4: 1327 daAuts
     D:1: 823 daAuts
     D:6: 270 daAuts
  Temple: 265 daAuts
